 Dungeon Crawl Stone Soup version 0.30-a0-605-gb2882149bf (webtiles) character file.

Game seed: 3079635834843355434

926 acebull12 the Grave Robber (level 7, 0/47 HPs)
             Began as a Demonspawn Necromancer on Jan 7, 2023.
             Slain by a black bear (4 damage)
             ... on level 6 of the Dungeon.
             The game lasted 00:15:26 (6155 turns).

acebull12 the Grave Robber (Demonspawn Necromancer) Turns: 6155, Time: 00:15:27

Health: 0/47       AC:  2    Str:  9    XL:     7   Next: 85%
Magic:  2/14       EV: 12    Int: 18    God:
Gold:   252        SH:  0    Dex: 15    Spells: 11/17 levels left

rFire   + . .      SeeInvis .    m - +2 dagger (venom)
rCold   . . .      Faith    .    (no shield)
rNeg    . . .      Spirit   .    a - +0 robe
rPois   .          Reflect  .    (no helmet)
rElec   .          Harm     .    (no cloak)
rCorr   +          Rampage  .    (no gloves)
Will    .....                    (no boots)
Stlth   +++                      C - amulet of regeneration
HPRegen 1.07/turn                d - ring of wizardry
MPRegen 0.14/turn                B - ring of resist corrosion

@: animating dead
A: thin skeletal structure 1, demonic magic 2, weakness stinger 1, hooves 1,
fire resistance 1, low MP 1, wild magic 1, devolution 1
a: no special abilities


You were on level 6 of the Dungeon.
You visited 1 branch of the dungeon, and saw 6 of its levels.

You collected 252 gold pieces.

Inventory:

Hand Weapons
 e - a +0 short sword
 m - a +2 dagger of venom (weapon)
Missiles
 q - a throwing net
Armour
 a - a +0 robe (worn)
Jewellery
 d - a ring of wizardry (left hand)
 u - an amulet of the acrobat
 B - a ring of resist corrosion (right hand)
 C - an amulet of regeneration (around neck)
Wands
 y - a wand of paralysis (15)
 D - a wand of roots (2)
Scrolls
 j - 2 scrolls of vulnerability {unknown}
 l - 3 scrolls of brand weapon {unknown}
 o - 2 scrolls of enchant weapon {unknown}
 p - a scroll of amnesia {unknown}
 t - 2 scrolls of blinking {unknown}
 w - a scroll of teleportation {unknown}
 x - a scroll of fog {unknown}
 z - a scroll of fear {unknown}
 A - a scroll of torment {unknown}
Potions
 b - 2 potions of magic
 f - a potion of resistance {unknown}
 g - 2 potions of lignification {unknown}
 h - 2 potions of curing
 i - 2 potions of brilliance
 n - 2 potions of might
 r - a potion of attraction
 s - a potion of flight
 v - a potion of heal wounds


   Skills:
 + Level 0.6 Fighting
 + Level 0.8 Short Blades
 + Level 2.3 Dodging
 + Level 3.4 Stealth
 * Level 5.8 Spellcasting
 * Level 7.3 Necromancy


You had 11 spell levels left.
You knew the following spells:

 Your Spells              Type           Power      Damage    Failure   Level
a - Necrotise             Necr           100%       1d9       1%          1
b - Animate Dead          Necr           41%        N/A       4%          4
c - Foxfire               Conj/Fire      24%        2x1d5     7%          1

Your spell library contained the following spells:

 Spells                   Type           Power      Damage    Failure   Level
 Vampiric Draining        Necr           41%        2d8       1%          3
 Agony                    Necr           41%        N/A       10%         5
 Borgnjor's Vile Clutch   Necr/Erth      12%        N/A       34%         5
 Alistair's Intoxication  Tmut/Pois      4%         N/A       82%         5
 Fireball                 Conj/Fire      3%         3d4       82%         5
 Eringya's Noxious Bog    Tmut/Pois      3%         N/A       100%        6
 Starburst                Conj/Fire      3%         6d3       100%        6


Dungeon Overview and Level Annotations

Branches:
Dungeon (6/15)
 Temple: D:4-7

Altars:
Ashenzari
Cheibriados
Hepliaklqana
Ru
Sif Muna

Shops:
D:5 (


Innate Abilities, Weirdness & Mutations

You have a somewhat thin skeletal structure. (Dex +2, Stealth+)
Spells you cast may paralyse nearby enemies.
You have a small tail.
You have large cloven feet.
Your flesh is heat resistant. (rF+)
Your magical capacity is low. (-10% MP)
Your spells are a little harder to cast, but a little more powerful.
You have hidden genetic defects.


Message History

Confirm with . or Enter, or press ? or * to list all spells.
You call upon the dead to rise.
Malevolent energies surge around you.
The steam dragon suddenly stops moving!
An ogre comes into view. It is wielding a +0 giant club.
The helpless steam dragon fails to defend itself.
You puncture the steam dragon!
The steam dragon is poisoned.
You kick the steam dragon, but do no damage.
The steam dragon is heavily wounded.
A black bear comes into view.
The helpless steam dragon fails to defend itself.
You hit the steam dragon.
The black bear growls angrily.
You kick the steam dragon, but do no damage.
The steam dragon is severely wounded.
The helpless steam dragon fails to defend itself.
You puncture the steam dragon!
You kill the steam dragon!
The dead are flying!
Casting: Animate Dead (dangerous; 4% risk of failure)
Confirm with . or Enter, or press ? or * to list all spells.
You dismiss your zombies and call upon the dead to rise afresh.
Malevolent energies surge around you.
Your steam dragon zombie crumbles into dust!
Casting: Animate Dead (dangerous; 4% risk of failure)
Confirm with . or Enter, or press ? or * to list all spells.
You call upon the dead to rise.
Malevolent energies surge around you. The black bear barely misses you.
The black bear claws you. x2
The ogre attacks as you move away!
The ogre hits you with a +0 giant club!!!
Ouch! That really hurt!
* * * LOW HITPOINT WARNING * * *
The black bear bites you but does no damage.
The black bear claws you.
* * * LOW HITPOINT WARNING * * *
The black bear barely misses you.
There is a stone staircase leading up here.
The black bear bites you.
* * * LOW HITPOINT WARNING * * *
The black bear claws you.
You die...

##.#$$#...
##..#.$.......
#..©#_$....©..
##...#B/.......
....#TD#...#..
#..#8O.#.#..8
#†O##OH.....#
#@h.#########
#.#..........
##...........
...............
................
#................
.................
.................
.................


You could see a boulder beetle, 2 two-headed ogres, a manticore, a troll, a
black bear, an acid dragon and an ogre.

Vanquished Creatures
  A steam dragon (D:6)
  A black bear (D:4)
  An ogre (D:5)
  2 scorpions
  A howler monkey (D:5)
  4 hounds
  A jelly (D:5)
  4 iguanas
  Ijyb (D:5)
  5 adders
  2 gnolls (D:5)
  A shadow imp (D:5)
  4 worms
  5 dart slugs
  7 orcs
  6 endoplasms
  3 giant cockroaches
  7 goblins
  7 hobgoblins
  2 jackals (D:3)
  5 quokkas
  5 ball pythons
  3 bats
  2 frilled lizards
  9 kobolds
  3 rats
92 creatures vanquished.

Vanquished Creatures (collateral kills)
  An adder (D:3)
  An orc (D:4)
  A quokka (D:1)
  A goblin (D:1)
  A rat (D:2)
5 creatures vanquished.

Vanquished Creatures (others)
  A goblin zombie (D:5)
  7 foxfires (D:6)
8 creatures vanquished.

Grand Total: 105 creatures vanquished

Notes
Turn   | Place    | Note
-------+----------+-------------------------------------------
     0 | D:1      | acebull12 the Demonspawn Necromancer began the quest for
                  | the Orb.
     0 | D:1      | Reached XP level 1. HP: 13/13 MP: 3/3
   188 | D:1      | Gained mutation: You have a somewhat thin skeletal
                  | structure. (Dex +2, Stealth+) [demonic ancestry]
   188 | D:1      | Reached XP level 2. HP: 19/19 MP: 1/5
   336 | D:1      | Reached skill level 5 in Necromancy
   662 | D:1      | Reached XP level 3. HP: 24/24 MP: 2/6
  1793 | D:2      | Found a hazy altar of Hepliaklqana.
  1883 | D:2      | Reached XP level 4. HP: 30/30 MP: 4/8
  2297 | D:3      | Found a shimmering blue altar of Sif Muna.
  3306 | D:4      | Noticed a black bear
  3314 | D:4      | Killed a black bear
  3315 | D:4      | Reached skill level 6 in Necromancy
  3315 | D:4      | Gained mutation: Spells you cast may paralyse adjacent
                  | enemies. [demonic ancestry]
  3315 | D:4      | Reached XP level 5. HP: 35/35 MP: 3/11
  3658 | D:4      | Gained mutation: Spells you cast may paralyse nearby
                  | enemies. [demonic ancestry]
  3658 | D:4      | Reached XP level 6. HP: 37/41 MP: 7/12
  3831 | D:4      | Found a broken altar of Ashenzari.
  3862 | D:4      | Paralysed by a goblin for 2 turns
  3996 | D:4      | Found a sacrificial altar of Ru.
  4126 | D:4      | Found a snail-covered altar of Cheibriados.
  4387 | D:5      | Entered Level 5 of the Dungeon
  4419 | D:5      | Found Byrchuat's Antique Weapon Boutique.
  4500 | D:5      | Reached skill level 5 in Spellcasting
  4798 | D:5      | Gained mutation: You have a small tail. [demonic ancestry]
  4798 | D:5      | Reached XP level 7. HP: 46/46 MP: 9/14
  4814 | D:5      | Learned a level 4 spell: Animate Dead
  4816 | D:5      | Learned a level 1 spell: Foxfire
  5214 | D:5      | Noticed Ijyb
  5230 | D:5      | HP: 2/46 [constriction (3)]
  5233 | D:5      | Killed Ijyb
  5241 | D:5      | Your ally Ijyb died
  5843 | D:5      | Reached skill level 7 in Necromancy
  5936 | D:6      | Noticed a troll
  5936 | D:6      | Noticed a two-headed ogre
  5936 | D:6      | Noticed a two-headed ogre
  5937 | D:6      | Noticed a boulder beetle
  6120 | D:6      | Noticed a manticore
  6133 | D:6      | Gained mutation: You have hidden genetic defects. [potion
                  | of mutation]
  6133 | D:6      | Gained mutation: Armour fits poorly on your strangely
                  | shaped body. [potion of mutation]
  6133 | D:6      | Gained mutation: Your natural rate of healing is unusually
                  | fast. [potion of mutation]
  6134 | D:6      | Lost mutation: Your natural rate of healing is unusually
                  | fast. [potion of mutation]
  6134 | D:6      | Lost mutation: Armour fits poorly on your strangely shaped
                  | body. [potion of mutation]
  6134 | D:6      | Gained mutation: You have large cloven feet. [potion of
                  | mutation]
  6134 | D:6      | Gained mutation: Your flesh is heat resistant. (rF+)
                  | [potion of mutation]
  6134 | D:6      | Gained mutation: Your magical capacity is low. (-10% MP)
                  | [potion of mutation]
  6134 | D:6      | Gained mutation: Your spells are a little harder to cast,
                  | but a little more powerful. [potion of mutation]
  6136 | D:6      | Noticed a steam dragon
  6148 | D:6      | Killed a steam dragon
  6155 | D:6      | Slain by a black bear

Illustrated notes

Levels and vault maps discovered:
D:1:      dpeg_arrival_prison, layout_basic
D:2:      layout_basic, basic_altar, serial_corexii_hall,
          corexii_hall_statues_deadend, chequers_hall_statues_y,
          chequers_hall_statues_corner_a, chequers_hall_statues_y,
          corexii_hall_statues_l, corexii_hall_statues_i
D:3:      layout_basic, lemuel_doored_altar
D:4:      layout_cave_pods, lemuel_round_altar,
          mainiacjoe_overflow_cross_hatched, lemuel_crystal_altar,
          evilmike_ruin_ashenzari, amethyst_killhole,
          hangedman_abyss_or_decor_stagger
D:5:      layout_layer_cave, nicolae_stop_n_shop_1, uniq_ijyb
D:6:      layout_basic, gammafunk_temple_overflow_arena,
          biasface_ghost_orc_armoury, corexii_checkpoint_b, minivault_24,
          uniq_maggie, uniq_blork_the_orc, uniq_pikel

Skill      XL: |  1  2  3  4  5  6  7 |
---------------+----------------------+-----
Necromancy     | 5 6 7 |  7.3
Spellcasting   | 3 4 5 |  5.8
Dodging        | 2 |  2.3
Stealth        | 2 3 |  3.4
Fighting       | |  0.6
Short Blades   | |  0.8

Action                   |  1- 3 |  4- 6 |  7- 9 || total
-------------------------+-------+-------+-------++-------
Melee: Short sword       |     7 |       |       ||     7
       Dagger            |       |     8 |    39 ||    47
       Tailslap          |       |       |     6 ||     6
       Kick              |       |       |     2 ||     2
 Cast: Necrotise         |    78 |    96 |    18 ||   192
       Animate Dead      |       |       |     5 ||     5
       Foxfire           |       |       |     4 ||     4
  Use: Scroll            |       |       |     6 ||     6
       Potion            |       |       |     2 ||     2
 Stab: Paralysed         |       |     5 |     9 ||    14
       Sleeping          |       |       |     1 ||     1
Armor: Robe              |     1 |     1 |     4 ||     6
Dodge: Dodged            |    14 |     7 |    26 ||    47

Table legend: (Time is in decaauts)
 A = Elapsed time spent in this place.
 B = Non-inter-level travel time spent in this place.
 C = Inter-level travel time spent in this place.
 D = Time resting spent in this place.
 E = Time spent auto-exploring this place.
 F = Levels seen in this place.
 G = Mean time per level.
                   A        B        C        D        E       F      G
               +--------+--------+--------+--------+--------+-----+--------+
         Total |   6161 |   5661 |    500 |    311 |   4591 |   6 | 1026.8 |
       Dungeon |   6161 |   5661 |    500 |    311 |   4591 |   6 | 1026.8 |
               +--------+--------+--------+--------+--------+-----+--------+

Top non-repeatable levels by time:
     D:5: 1666 daAuts
     D:2: 1161 daAuts
     D:4: 1159 daAuts
     D:3: 1117 daAuts
     D:1: 1000 daAuts
     D:6: 56 daAuts
